 Dungeon Crawl Stone Soup version 0.20-a0-11-ga97c7b5 (webtiles) character file.

14189 Television the Geomancer (level 11, -2/64 HPs)
             Began as a Deep Elf Fighter on Nov 2, 2016.
             Was a Priest of Vehumet.
             Slain by a black mamba (8 damage)
             ... on level 4 of the Lair of Beasts.
             The game lasted 00:51:26 (15658 turns).

Television the Geomancer (Deep Elf Fighter)        Turns: 15658, Time: 00:51:27

Health: -2/64      AC:  8    Str: 13    XL:     11   Next: 85%
Magic:  15/35      EV: 20    Int: 17    God:    Vehumet [***...]
Gold:   460        SH:  5    Dex: 14    Spells: 8 memorised, 8 levels left

rFire  + . .     SeeInvis .     L - 82 stones
rCold  . . .     Gourm    .     U - +1 robe {MR+}
rNeg   . . .     Faith    +     j - +0 buckler
rPois  .         Spirit   .     K - +2 hat
rElec  +         Reflect  .     (no cloak)
rCorr  .         Harm     .     Z - +1 pair of gloves
MR     ++...                    G - +0 pair of boots
Stlth  +.........               O - amulet of faith
                                I - +3 ring of evasion
                                r - ring of magical power

@: lethally poisoned (-2 -> -43)
A: fire resistance 1, electricity resistance
a: Renounce Religion


You were on level 4 of the Lair of Beasts.
You worshipped Vehumet.
Vehumet was most pleased with you.
You were not hungry.

You visited 3 branches of the dungeon, and saw 14 of its levels.
You also visited: Ossuary.

You collected 594 gold pieces.
You spent 134 gold pieces at shops.

Inventory:

Hand Weapons
 a - a +0 rapier
 p - a +0 hunting sling
 q - a +1 dagger of protection
 u - a +0 dagger of flaming
Missiles
 L - 82 stones (in hand)
Armour
 i - a +1 helmet
 j - a +0 buckler (worn)
 G - a +0 pair of boots (worn)
 K - a +2 hat (worn)
 U - a +1 robe of magic resistance (worn)
 Z - a +1 pair of gloves (worn)
Magical Staves
 k - an uncursed staff of energy
Jewellery
 c - an uncursed ring of resist corrosion
 r - a ring of magical power (left hand)
 I - a +3 ring of evasion (right hand)
 J - an uncursed ring of protection from cold
 O - an amulet of faith (around neck)
 T - an uncursed ring of fire
 V - a +3 amulet of reflection {unknown}
Wands
 x - a wand of confusion (5/48)
 y - a wand of random effects (5/48)
 N - a wand of lightning (2/15)
 W - a wand of paralysis (8/24)
Scrolls
 e - 2 scrolls of remove curse
 g - a scroll of noise {unknown}
 l - a scroll of fog {unknown}
 o - a scroll of blinking {unknown}
 t - 4 scrolls of magic mapping
 v - 3 scrolls of amnesia
 D - 6 scrolls of teleportation {unknown}
 F - 3 scrolls of recharging
 R - a scroll of summoning {unknown}
 X - a scroll of vulnerability {unknown}
Potions
 m - 2 potions of haste
 n - 2 potions of lignification
 s - 2 potions of resistance
 w - 3 potions of curing
 z - a potion of brilliance
 A - 6 potions of heal wounds
 B - 5 potions of flight
 C - a potion of might
 E - 2 potions of cancellation
 H - 2 potions of agility
 Y - a potion of ambrosia
Comestibles
 b - a slice of pizza
 d - 2 chunks of flesh
 f - 4 bread rations
 M - 2 meat rations
 Q - 7 royal jellies
 S - 24 fruits


   Skills:
 + Level 5.2 Fighting
 - Level 7.0 Short Blades
 - Level 2.4 Armour
 - Level 8.4 Dodging
 - Level 4.1 Shields
 - Level 9.0 Spellcasting
 + Level 10.3 Conjurations
 - Level 10.5 Earth Magic


You had 8 spell levels left.
You knew the following spells:

 Your Spells              Type           Power        Failure   Level  Hunger
a - Sandblast             Erth           #####.       1%          1    None
b - Stone Arrow           Conj/Erth      #####.       1%          3    None
c - Passwall              Tmut/Erth      ####......   1%          2    None
d - Lee's Rapid Deconstr  Erth           #####.....   1%          5    #####..
e - Petrify               Tmut/Erth      ####....     12%         4    ###....
f - Apportation           Tloc           #.........   12%         1    None
g - Animate Skeleton      Necr           N/A          12%         1    None
h - Regeneration          Chrm/Necr      #.........   30%         3    None


Dungeon Overview and Level Annotations

Branches:
Dungeon (9/15)             Temple (1/1) D:7            Lair (4/6) D:9
 Shoals (0/4) Lair:4
  Snake: Lair:2-4    Spider: Lair:2-4       Orc: D:9-12

Altars:
Ashenzari
Cheibriados
Dithmenos
Elyvilon
Fedhas
Gozag
Hepliaklqana
Kikubaaqudgha
Makhleb
Nemelex Xobeh
Okawaru
Qazlal
Ru
Sif Muna
Trog
Uskayaw
Vehumet
Xom
Yredelemnul
Zin
The Shining One

Shops:
D:4 }

Annotations:
Lair:3 exclusion: fungus
Lair:4 Zorot's ghost, journeyman MiBe


Innate Abilities, Weirdness & Mutations

Your flesh is heat resistant. (rF+)
You are resistant to electric shocks. (rElec)


Message History

You feel sick.
Casting: Sandblast
Confirm with . or Enter, or press ? or * to list all spells.
You can't see any susceptible monsters within range! (Use Z to cast anyway.) Unknown command.
Unknown command.
Unknown command.
You feel sick.
You feel sick.
A black mamba comes into view.
You feel sick. The black mamba bites you.
* * * LOW HITPOINT WARNING * * *
You are lethally poisoned!
The black mamba poisons you!
* * * LOW HITPOINT WARNING * * *
You feel sick. The black mamba bites you.
* * * LOW HITPOINT WARNING * * *
You are more poisoned.
The black mamba poisons you! The black mamba bites you!
You die...

.........##.............##.#.....
P#......P##P..##......##.####.###
.#......####.####.......## .l≈
#.#.....##.#..##........# ≈≈≈
...........)............# ♣≈
........................# P
........###...##..........
.......## ######.......##♣.
###....####P.#.S@....### ♣
#.....##...##......#
#....###....##.....##
##...P#...<..+......#
.###...........#......#
.....................###
####...._..#####.......#P.
#.........###...........
##........P##P..........


You could see a black mamba.

Vanquished Creatures
  Pikel (D:9)
  A siren (Lair:4)
  3 elephants
  The ghost of azzavlup the Spear-Bearer, a novice MfSk of Okawaru (D:6)
  5 spiny frogs
  2 komodo dragons
  2 rime drakes
  A queen bee (D:8)
  9 blink frogs
  6 hippogriffs
  Sigmund (D:3)
  A wyvern (Lair:1)
  A naga (Lair:4)
  3 porcupines
  4 orc warriors
  3 water moccasins
  An ice beast (D:8)
  4 sky beasts
  A slave (D:9)
  5 phantoms
  The ghost of Philosophy the Shooter, an amateur CeHu (D:3)
  5 ogres
  A necrophage (D:8)
  4 crocodiles
  5 centaurs
  12 bullfrogs
  A scorpion (D:4)
  2 water moccasin zombies (Ossuary)
  5 wights (D:6)
  14 killer bees (D:8)
  2 electric eels (D:8)
  4 howler monkeys
  2 crimson imps
  A bullfrog zombie (D:4)
  3 hounds
  3 jellies
  A centaur skeleton (D:5)
  5 orc priests
  6 orc wizards
  A bullfrog skeleton (D:9)
  4 worker ants
  9 iguanas
  A killer bee zombie (D:7)
  3 big kobold zombies (Ossuary)
  A hound skeleton (D:9)
  2 mummies (Ossuary)
  A worker ant zombie (D:8)
  4 gnolls (D:6)
  10 adders
  2 shadow imps (D:5)
  2 oozes
  6 adder zombies (Ossuary)
  A worm (D:4)
  A dart slug (D:3)
  7 leopard geckos
  26 orcs
  9 bats
  14 goblins
  8 hobgoblins
  A jackal (D:8)
  3 quokkas
  2 ball pythons
  9 frilled lizards
  6 giant cockroaches
  A gnoll zombie (Ossuary)
  5 hobgoblin zombies (Ossuary)
  6 kobolds
  7 kobold zombies (Ossuary)
  4 orc zombies (Ossuary)
  6 rats
  2 rat zombies (D:4)
  A fungus (Lair:4)
297 creatures vanquished.

Vanquished Creatures (others)
  A slave (D:9)
  2 fungi
  A plant (Lair:4)
4 creatures vanquished.

Grand Total: 301 creatures vanquished

Notes
Turn   | Place    | Note
-------+----------+-------------------------------------------
     0 | D:1      | Television the Deep Elf Fighter began the quest for the Orb.
     0 | D:1      | Reached XP level 1. HP: 13/13 MP: 3/3
   208 | D:1      | Reached XP level 2. HP: 18/18 MP: 4/4
   993 | D:2      | Reached skill level 1 in Spellcasting
   993 | D:2      | Reached XP level 3. HP: 18/22 MP: 4/6
  1770 | D:2      | Reached XP level 4. HP: 27/27 MP: 9/9
  2054 | D:3      | Gained mutation: You are resistant to electric shocks. (rElec) [potion of mutation]
  2054 | D:3      | Gained mutation: Your flesh is heat resistant. (rF+) [potion of mutation]
  2055 | D:3      | Noticed Philosophy's ghost (amateur CeHu)
  2070 | D:3      | Killed Philosophy's ghost
  2070 | D:3      | Reached XP level 5. HP: 25/31 MP: 7/12
  2091 | D:3      | Noticed Sigmund
  2118 | D:3      | Killed Sigmund
  2118 | D:3      | Reached skill level 5 in Short Blades
  2118 | D:3      | Reached XP level 6. HP: 11/36 MP: 2/14
  3144 | D:4      | Reached skill level 1 in Dodging
  3187 | D:3      | HP: 1/37 [poisoned by an adder]
  3679 | D:4      | Found a sand-covered staircase.
  3688 | Ossuary  | Entered an ossuary
  3799 | Ossuary  | Reached XP level 7. HP: 37/41 MP: 15/15
  4864 | D:4      | Found Vorrum's Gadget Shoppe.
  4867 | D:4      | Bought a wand of confusion (13/48) for 134 gold pieces
  4871 | D:4      | Got a shimmering robe
  4882 | D:4      | Identified the +0 robe of the Blind Marksman {rCorr} (You found it on level 4 of the Dungeon)
  5534 | D:5      | Entered Level 5 of the Dungeon
  5577 | D:5      | Found a shimmering altar of Xom.
  6039 | D:5      | Reached XP level 8. HP: 23/48 MP: 15/16
  6297 | D:5      | Learned a level 1 spell: Sandblast
  6301 | D:5      | Learned a level 3 spell: Stone Arrow
  6306 | D:5      | Learned a level 2 spell: Passwall
  6335 | D:5      | Reached skill level 1 in Earth Magic
  7137 | D:6      | Noticed azzavlup's ghost (novice MfSk)
  7403 | D:5      | Reached skill level 5 in Earth Magic
  7828 | D:6      | Reached XP level 9. HP: 37/53 MP: 3/17
  8049 | D:6      | Reached skill level 1 in Conjurations
  8195 | D:6      | Killed azzavlup's ghost
  8374 | D:6      | Learned a level 5 spell: Lee's Rapid Deconstruction
  8379 | D:6      | Learned a level 4 spell: Petrify
  9043 | D:7      | Reached skill level 5 in Spellcasting
  9176 | D:7      | Found a staircase to the Ecumenical Temple.
  9192 | Temple   | Entered the Ecumenical Temple
  9262 | Temple   | Became a worshipper of Vehumet
  9288 | D:7      | Reached skill level 5 in Conjurations
  9419 | D:6      | Found an opulent altar of Gozag.
 10092 | D:8      | Reached XP level 10. HP: 39/58 MP: 17/21
 10225 | D:8      | Reached * piety under Vehumet
 10225 | D:8      | Offered knowledge of Flame Tongue by Vehumet.
 11326 | D:9      | Offered knowledge of Sting by Vehumet.
 11419 | D:9      | Noticed Pikel
 11422 | D:9      | Killed Pikel
 11473 | D:9      | Reached ** piety under Vehumet
 11526 | D:9      | Found a staircase to the Lair.
 11584 | D:9      | Reached skill level 10 in Earth Magic
 12050 | Lair:1   | Entered Level 1 of the Lair of Beasts
 12175 | Lair:1   | Noticed a spiny frog
 12179 | Lair:1   | Killed a spiny frog
 12250 | Lair:1   | Learned a level 1 spell: Apportation
 12252 | Lair:1   | Learned a level 1 spell: Animate Skeleton
 12263 | Lair:1   | Reached skill level 5 in Dodging
 12362 | Lair:1   | Noticed a spiny frog
 12365 | Lair:1   | Killed a spiny frog
 12436 | Lair:1   | Reached XP level 11. HP: 47/62 MP: 22/26
 12683 | Lair:1   | Learned a level 3 spell: Regeneration
 13585 | Lair:2   | Offered knowledge of Conjure Flame by Vehumet.
 14954 | Lair:3   | Reached *** piety under Vehumet
 15222 | Lair:3   | Reached skill level 10 in Conjurations
 15455 | Lair:4   | Noticed Zorot's ghost (journeyman MiBe)
 15530 | Lair:4   | Found a basalt altar of Yredelemnul.
 15579 | Lair:4   | Reached skill level 5 in Fighting
 15619 | Lair:4   | Found a staircase to the Shoals.
 15658 | Lair:4   | Slain by a black mamba

Vault maps used:
D:1:      dpeg_arrival_rooms_c
D:2:      first_bread, kennysheep_decorative_pillar, minmay_misc_feat_columns
D:3:      uniq_sigmund
D:4:      serial_shops, nicolae_shop_behind_doors, enter_ossuary_4
D:5:      basic_altar
D:6:      lemuel_upstairs_altar, glass_columns_a, st_stairs_3
D:7:      hangedman_decor_growths
D:8:      david_nohive_1
D:9:      lair_0_dummy, uniq_pikel
Temple:   nicolae_temple_the_god_donut
Lair:1:   beast_lair_carwin_7
Lair:2:   infiniplex_staircase_pool, lemuel_fruit_fields, serial_bayou_shore_b,
          lemuel_fruit_fields
Lair:4:   lemuel_reptile_caves, minmay_shoals_entry_lonely_mermaid,
          guppyfry_snake_entry_garden, basic_altar, wad_woods_06
Ossuary:  ossuary_tomb_2

Skill      XL: |  1  2  3  4  5  6  7  8  9 10 11 |
---------------+----------------------------------+-----
Spellcasting   | 1 2 3 4 6 9 |  9.0
Short Blades   | 3 4 5 7 |  7.0
Fighting       | 3 4 5 |  5.2
Dodging        | 2 4 5 8 |  8.4
Earth Magic    | 6 8 10 | 10.5
Conjurations   | 5 8 10 | 10.3
Shields        | 4 |  4.1
Armour         | |  2.4

Action                   |  1- 3 |  4- 6 |  7- 9 | 10-12 || total
-------------------------+-------+-------+-------+-------++-------
Melee: Rapier            |   181 |    44 |       |       ||   225
       Dagger            |       |   245 |   861 |   107 ||  1213
 Fire: Blowgun           |       |     3 |     7 |       ||    10
 Cast: Sandblast         |       |       |    66 |   111 ||   177
       Stone Arrow       |       |       |    71 |   131 ||   202
       Lee's Rapid Decon |       |       |       |    19 ||    19
       Petrify           |       |       |       |     2 ||     2
       Animate Skeleton  |       |       |       |     1 ||     1
Evoke: Wand              |       |       |    13 |     1 ||    14
  Use: Scroll            |       |     4 |    12 |     5 ||    21
       Potion            |       |     4 |       |     1 ||     5
 Stab: Confused          |       |       |     2 |       ||     2
       Sleeping          |       |       |     3 |     1 ||     4
  Eat: Chunk             |     3 |     7 |    15 |    20 ||    45
       Fruit             |       |       |     2 |     2 ||     4
       Beef jerky        |       |       |     1 |     1 ||     2
       Meat ration       |       |       |     1 |       ||     1
       Royal jelly       |       |       |     1 |       ||     1
Armor: Scale mail        |    91 |   100 |    93 |       ||   284
       Robe              |       |       |    83 |    44 ||   127
Dodge: Dodged            |    38 |    63 |   254 |   133 ||   488
Block: Shield            |    80 |    80 |   191 |       ||   351
       Buckler           |       |       |       |    14 ||    14
